 Dungeon Crawl Stone Soup version 0.19.4-10-g532645f (webtiles) character file.

75 volk64 the Chiller (level 4, -6/27 HPs)
             Began as an Octopode Ice Elementalist on Feb 25, 2017.
             Killed by nerve-wracking pain
             ... invoked by a shadow imp
             ... summoned by Natasha
              (13 damage)
             ... on level 2 of the Dungeon.
             The game lasted 00:08:07 (1454 turns).

volk64 the Chiller (Octopode Ice Elementalist)      Turns: 1454, Time: 00:08:09

Health: -6/27      AC:  1    Str:  7    XL:     4   Next: 31%
Magic:  0/8        EV: 13    Int: 18    God:
Gold:   97         SH:  3    Dex: 12    Spells: 3 memorised, 2 levels left

rFire  . . .     SeeInvis .     (no weapon)
rCold  . . .     Gourm    .     c - +0 buckler
rNeg   . . .     Faith    .     (helmet restricted)
rPois  .         Spirit   .     k - amulet of regeneration
rElec  .         Reflect  .     (no ring)
rCorr  .         Harm     .     (no ring)
MR     .....                    (no ring)
Stlth  +++.......               (no ring)
                                (no ring)
                                (no ring)
                                (no ring)
                                (no ring)

@: very slightly contaminated
A: almost no armour, stealthy swim, amphibious, 8 rings, constrict 8, camouflage
1, gelatinous body 1
a: no special abilities


You were on level 2 of the Dungeon.
You were not hungry.

You visited 1 branch of the dungeon, and saw 2 of its levels.

You collected 97 gold pieces.

Inventory:

Armour
 c - a +0 buckler (worn)
Jewellery
 k - an amulet of regeneration (around mantle)
Scrolls
 j - a scroll of teleportation
 l - a scroll of identify {unknown}
Potions
 e - a potion of mutation {unknown}
 g - 4 potions of haste {unknown}
 h - 2 potions of heal wounds {unknown}
 i - a potion of curing {unknown}
Books
 a - a book of Frost

   Spells                             Type                      Level
   a - Freeze                         Ice                          1
   b - Throw Frost                    Conjuration/Ice              2
   c - Ozocubu's Armour               Charms/Ice                   3
   d - Throw Icicle                   Conjuration/Ice              4
   e - Summon Ice Beast               Ice/Summoning                4
Comestibles
 b - 2 bread rations
 d - 4 chunks of flesh
 f - 2 fruits


   Skills:
 + Level 0.2 Fighting
 + Level 2.3 Dodging
 + Level 3.0 Stealth
 + Level 0.4 Unarmed Combat
 + Level 2.7 Spellcasting
 + Level 1.0 Conjurations
 + Level 4.0 Ice Magic


You had 2 spell levels left.
You knew the following spells:

 Your Spells              Type           Power        Failure   Level  Hunger
a - Freeze                Ice            ###.         8%          1    None
b - Throw Frost           Conj/Ice       ##....       17%         2    ##.....
c - Ozocubu's Armour      Chrm/Ice       #.......     38%         3    ###....


Dungeon Overview and Level Annotations

Branches:
Dungeon (2/15)

Altars:

Annotations:
D:2 Natasha


Innate Abilities, Weirdness & Mutations

You cannot wear most types of armour.
You are very stealthy in the water. (Stealth+)
You are amphibious.
You can wear up to eight rings at the same time.
You can use your tentacles to constrict eight enemies at once.
Your skin changes colour to match your surroundings (Stealth+).
Your rubbery body absorbs attacks. (AC +1, EV +1)


Message History

You tentacle-slap Natasha.
Natasha is lightly wounded.
You constrict Natasha.
Natasha casts a spell.
You tentacle-slap Natasha but do no damage.
Natasha is moderately wounded.
You constrict Natasha. Natasha claws you! The shadow imp gestures at you.
Pain shoots through your body!
You completely miss Natasha.
Natasha is moderately wounded.
You constrict Natasha. Natasha barely misses you.
The shadow imp barely misses you.
You tentacle-slap Natasha but do no damage.
Natasha is heavily wounded.
You constrict Natasha. Natasha claws you!
* * * LOW HITPOINT WARNING * * *
The shadow imp gestures at you. Pain shoots through your body!
You die...

##.##.#
......#
...#### ####
.# ...# .?.
##.# # ## ..#
#.# #. #[#
#.## #.#
#..#.h###...#.
#.#
#...55@#...w..
#.# ##.<...w#
#รท# ###.#..#
#.# ##.#..#
#.# #..#..#
#.# #.##..# ##
#.# #.##..# .#
#.#
#.##..######
###. ##.#
##.##.......#
#...


You could see a worm, Natasha and 2 shadow imps.

Vanquished Creatures
  Natasha (D:2)
  An adder (D:2)
  An ooze (D:2)
  3 dart slugs
  A leopard gecko (D:1)
  3 giant cockroaches
  5 goblins
  2 hobgoblins
  2 jackals (D:2)
  4 kobolds
  2 quokkas (D:2)
  3 frilled lizards (D:1)
  2 rats (D:2)
30 creatures vanquished.

Notes
Turn   | Place    | Note
-------+----------+-------------------------------------------
     0 | D:1      | volk64 the Octopode Ice Elementalist began the quest for the Orb.
     0 | D:1      | Reached XP level 1. HP: 11/11 MP: 3/3
   204 | D:1      | Reached XP level 2. HP: 9/17 MP: 0/5
   505 | D:1      | Learned a level 2 spell: Throw Frost
   841 | D:2      | Reached XP level 3. HP: 7/21 MP: 1/6
  1181 | D:2      | Noticed Natasha
  1185 | D:2      | Killed Natasha
  1185 | D:2      | Reached XP level 4. HP: 13/27 MP: 0/8
  1378 | D:2      | Learned a level 3 spell: Ozocubu's Armour
  1424 | D:2      | Reached skill level 4 in Ice Magic
  1446 | D:2      | Noticed Natasha
  1454 | D:2      | Killed from afar by a shadow imp

Skill      XL: |  1  2  3  4 |
---------------+-------------+-----
Stealth        | 3 |  3.0
Ice Magic      | 4 |  4.0
Fighting       | |  0.2
Dodging        | |  2.3
Unarmed Combat | |  0.4
Spellcasting   | |  2.7
Conjurations   | |  1.0

Action                   |  1- 3 |  4- 6 || total
-------------------------+-------+-------++-------
Melee: Unarmed           |    29 |    17 ||    46
       Constrict         |     7 |     6 ||    13
       Tentacles         |     6 |     4 ||    10
 Cast: Freeze            |    16 |     9 ||    25
       Throw Frost       |     9 |     3 ||    12
  Use: Scroll            |       |     1 ||     1
 Stab: Sleeping          |     1 |     1 ||     2
  Eat: Chunk             |     2 |     1 ||     3
Armor: Skin              |     1 |       ||     1
Dodge: Dodged            |    17 |    11 ||    28
Block: Buckler           |     8 |     1 ||     9
